 Dungeon Sprint DCSS version 0.28-a0-1616-g050a50673c (webtiles) character file.

Game seed: 8477855648247682067

85 rocky1 the Chopper (level 4, -4/48 HPs)
             Began as an Ogre Fighter on Jan 23, 2022.
             Was an Initiate of Okawaru.
             Slain by a gnoll (5 damage)
             ... in the Dungeon (Sprint VII: "The Pits").
             The game lasted 00:01:09 (667 turns).

rocky1 the Chopper (Ogre Fighter)                    Turns: 667, Time: 00:01:10

Health: -4/48      AC:  3    Str: 22    XL:     4   Next: 48%
Magic:  4/4        EV:  8    Int:  9    God:    Okawaru [......]
Gold:   0          SH:  8    Dex:  8    Spells: 3/3 levels left

rFire   . . .      SeeInvis .   a - +0 war axe
rCold   . . .      Faith    .   c - +0 kite shield
rNeg    . . .      Spirit   .   b - +0 robe
rPois   .          Reflect  .   (helmet restricted)
rElec   .          Harm     .   (no cloak)
rCorr   .          Rampage  .   (gloves unavailable)
Will    .....      NoTele   +   (boots unavailable)
Stlth   +.........              (no amulet)
HPRegen 0.16/turn               (no ring)
MPRegen 0.09/turn               (no ring)

@: on berserk cooldown, slowed, very slow
A: large, unfitting armour, tough skin 1
a: Renounce Religion


You were in the Dungeon.
You worshipped Okawaru.
Okawaru was noncommittal.
You visited 1 branch

Inventory:

Hand Weapons
 a - a +0 war axe (weapon)
 m - a +2 vampiric trident
Armour
 b - a +0 robe (worn)
 c - a +0 kite shield (worn)
Scrolls
 j - a scroll of blinking
 l - 5 scrolls of amnesia
Potions
 d - a potion of might
 e - a potion of curing
 f - a potion of heal wounds
 g - a potion of haste
 h - 4 potions of magic
 i - 2 potions of berserk rage
 k - 2 potions of invisibility


   Skills:
 - Level 4.0 Fighting
 + Level 5.2(6.0) Axes
 + Level 4.5(5.6) Polearms
 - Level 2.6 Dodging
 + Level 5.2 Shields


You had 3 spell levels left.
You didn't know any spells.
Your spell library was empty.

Dungeon Overview and Level Annotations

Branches:
Dungeon (1/1)

Altars:
Ashenzari
Cheibriados
Dithmenos
Elyvilon
Fedhas
Gozag
Hepliaklqana
Kikubaaqudgha
Makhleb
Nemelex Xobeh
Okawaru
Qazlal
Ru
Sif Muna
Trog
Uskayaw
Vehumet
Wu Jian
Xom
Yredelemnul
Zin
The Shining One
Beogh
Jiyva
Lugonu


Innate Abilities, Weirdness & Mutations

You are too large for most types of armour.
You have tough skin. (AC +1)


Message History

The scorpion is heavily wounded.
You feel sick. The scorpion stings you. You block the scorpion's attack.
You slash the scorpion!
The scorpion is almost dead.
You feel sick. The scorpion stings you!
You hit the scorpion.
You kill the scorpion!
Okawaru is honoured by your kill.
You feel sick. You block the bat's attack.
Your base Axes skill gained 2 levels and is now at level 5!
Your base Polearms skill gained 2 levels and is now at level 4!
Your Shields skill increases to level 5!
You have reached level 4!
The gnoll shouts!
The bat hits you. The orc barely misses you. You block the bat's attack.
There is an open door here.
You see here a scorpion corpse.
You slice the bat!!
You kill the bat!
Okawaru accepts your kill.
You slash the orc!
You kill the orc!
Okawaru accepts your kill.
You feel sick.
You are no longer berserk.
You are exhausted.
You feel yourself slow down.
You feel sick.
You are no longer poisoned.
The gnoll barely misses you.
Things that are here:
a +0 flail; a +0 leather armour; an orc corpse You hit the gnoll but do no damage.
The gnoll hits you with a +0 whip. x2
You hit the gnoll but do no damage. The gnoll barely misses you.
The gnoll hits you with a +0 whip.
You closely miss the gnoll. The gnoll hits you with a +0 whip!
* * * LOW HITPOINT WARNING * * *
The gnoll hits you with a +0 whip!
* * * LOW HITPOINT WARNING * * *
You barely miss the gnoll. The gnoll hits you with a +0 whip.
You die...

#...........'.........
#+#####'#####......#..
#..#.)# #.........
#..'..# ####'#####
#.)#### #.......#
#..#..# #.......#
#..#..# #.......#
##†#..#+###...<...#
#.†@g....##.......#
#........##.......#
###########.......#
#########


You could see a gnoll.

Vanquished Creatures
  A scorpion (D)
  A gnoll (D)
  A river rat (D)
  An orc (D)
  A bat (D)
  A bat zombie (D)
  2 frilled lizards (D)
  A kobold (D)
9 creatures vanquished.

Notes
Turn   | Place    | Note
-------+----------+-------------------------------------------
     0 | D        | rocky1 the Ogre Fighter began the quest for the Orb.
     0 | D        | Reached XP level 1. HP: 24/24 MP: 1/1
    18 | D        | Found a bloodstained altar of Trog.
    18 | D        | Found a shimmering blue altar of Sif Muna.
    18 | D        | Found a viscous altar of Jiyva.
    18 | D        | Found a hazy altar of Hepliaklqana.
    18 | D        | Found an opulent altar of Gozag.
    19 | D        | Found a glowing golden altar of the Shining One.
    19 | D        | Found a glowing silver altar of Zin.
    19 | D        | Found a basalt altar of Yredelemnul.
    19 | D        | Found a shimmering altar of Xom.
    19 | D        | Found an ornate altar of the Wu Jian Council.
    19 | D        | Found a sacrificial altar of Ru.
    19 | D        | Found a stormy altar of Qazlal.
    19 | D        | Found an iron altar of Okawaru.
    19 | D        | Found a sparkling altar of Nemelex Xobeh.
    19 | D        | Found a burning altar of Makhleb.
    19 | D        | Found a blossoming altar of Fedhas.
    19 | D        | Found a white marble altar of Elyvilon.
    19 | D        | Found a shadowy altar of Dithmenos.
    19 | D        | Found a snail-covered altar of Cheibriados.
    23 | D        | Found a corrupted altar of Lugonu.
    23 | D        | Found a radiant altar of Vehumet.
    24 | D        | Found a broken altar of Ashenzari.
    24 | D        | Found an ancient bone altar of Kikubaaqudgha.
    24 | D        | Found a hide-covered altar of Uskayaw.
    29 | D        | Became a worshipper of Warmaster Okawaru
    86 | D        | Reached XP level 2. HP: 14/32 MP: 2/2
   367 | D        | Reached XP level 3. HP: 31/39 MP: 3/3
   649 | D        | Noticed a scorpion
   660 | D        | Killed a scorpion
   661 | D        | Reached skill level 5 in Axes
   661 | D        | Reached skill level 5 in Shields
   661 | D        | Reached XP level 4. HP: 33/48 MP: 4/4
   666 | D        | HP: 1/48 [gnoll (9)]
   667 | D        | Slain by a gnoll

Illustrated notes

Levels and vault maps discovered:
D:        pitsprint [storerooms_1, entrance_room_1, metal_vault_6, armoury_1,
          mini_pit_1, grid_room_1, main_hall_1, silver_pit, the_coven_3,
          the_vestibule_1, steel_vault_1, golden_pit, hallway_of_sentries,
          crystal_vault_2, iron_vault_1, final_vault]

Skill      XL: |  1  2  3 |
---------------+----------+-----
Shields        | 3 4 5 |  5.2
Axes           | 3 5 |  5.2
Polearms       | 2 4 |  4.5
Fighting       | |  4.0
Dodging        | |  2.6

Action                   |  1- 3 |  4- 6 || total
-------------------------+-------+-------++-------
Melee: War axe           |    21 |     5 ||    26
  Use: Potion            |     1 |       ||     1
Armor: Robe              |     6 |       ||     6
Dodge: Dodged            |     8 |     3 ||    11
Block: Kite shield       |    11 |     1 ||    12

Table legend: (Time is in decaauts)
 A = Elapsed time spent in this place.
 B = Non-inter-level travel time spent in this place.
 C = Inter-level travel time spent in this place.
 D = Time resting spent in this place.
 E = Time spent auto-exploring this place.
 F = Levels seen in this place.
 G = Mean time per level.
                   A        B        C        D        E       F      G
               +--------+--------+--------+--------+--------+-----+--------+
         Total |    675 |    675 |      0 |    544 |      0 |   1 |  675.0 |
       Dungeon |    675 |    675 |      0 |    544 |      0 |   1 |  675.0 |
               +--------+--------+--------+--------+--------+-----+--------+

Top non-repeatable levels by time:
       D: 675 daAuts
